 Dungeon Crawl Stone Soup version 0.32-a0-818-gb728d0252e (webtiles) character file.

Game seed: 15021706807412961984

8561 pokeman the Thaumaturge (level 11, -9/62 HPs)
             Began as a Deep Elf Hedge Wizard on Mar 24, 2024.
             Was a Believer of Vehumet.
             Killed by divine providence
             ... invoked by an orc priest
              (13 damage)
             ... on level 10 of the Dungeon.
             The game lasted 00:32:11 (11268 turns).

pokeman the Thaumaturge (Deep Elf Hedge Wizard)    Turns: 11268, Time: 00:32:12

Health: -9/62      AC: 11    Str: 10    XL:     11   Next: 11%
Magic:  7/31       EV: 12    Int: 24    God:    Vehumet [**....]
Gold:   277        SH:  5    Dex: 14    Spells: 15/39 levels left

rFire   + . .        y - +6 whip of Cygem {speed, rElec rPois Str+3}
rCold   + . .        (no shield)
rNeg    . . .        Q - +1 steam dragon scales
rPois   +            n - +0 helmet
rElec   +            J - +0 cloak
rCorr   .            s - +0 pair of gloves
SInv    .            A - +0 pair of boots
Will    +....        i - amulet of reflection
Stlth   +++          D - ring of protection from cold
HPRegen 0.30/turn    m - ring of protection from fire
MPRegen 0.22/turn

%: reflection
@: about to teleport
A: no striking features
a: Renounce Religion


You were on level 10 of the Dungeon.
You worshipped Vehumet.
Vehumet was pleased with you.
You visited 2 branches of the dungeon, and saw 11 of its levels.
You also visited: Bailey.

You collected 543 gold pieces.
You spent 266 gold pieces at shops.

Inventory:

Hand Weapons
 y - the +6 whip of Cygem (weapon) {speed, rElec rPois Str+3}
   (You found it on level 5 of the Dungeon)

   Str+3:     It affects your strength (+3).
   rElec:     It insulates you from electricity.
   rPois:     It protects you from poison.
Missiles
 w - 5 curare-tipped darts
Armour
 n - a +0 helmet (worn)
 s - a +0 pair of gloves (worn)
 x - a +2 robe of fire resistance
 A - a +0 pair of boots (worn)
 J - a +0 cloak (worn)
 Q - +1 steam dragon scales (worn)
 Z - a +0 kite shield of protection
Jewellery
 i - an amulet of reflection (around neck)
 m - a ring of protection from fire (right hand)
 D - a ring of protection from cold (left hand)
 U - a ring of protection from fire
Wands
 u - a wand of quicksilver (19)
 N - a wand of digging (7)
 O - a wand of roots (19)
Scrolls
 e - 2 scrolls of blinking
 p - a scroll of acquirement
 v - a scroll of teleportation
 H - a scroll of revelation
 K - a scroll of fear {unknown}
 R - a scroll of fog {unknown}
 S - a scroll of enchant weapon {unknown}
 V - a scroll of silence {unknown}
 W - a scroll of butterflies {unknown}
Potions
 d - 2 potions of magic
 j - 3 potions of curing {unknown}
 k - a potion of lignification {unknown}
 B - 3 potions of attraction {unknown}
 C - a potion of haste {unknown}
 E - 2 potions of heal wounds
 G - a potion of degeneration {unknown}
 T - a potion of mutation {unknown}
 X - a potion of enlightenment {unknown}
 Y - 2 potions of resistance {unknown}


   Skills:
 + Level 4.7 Fighting
 - Level 3.3 Armour
 - Level 4.0 Dodging
 - Level 4.0 Stealth
 * Level 14.8 Spellcasting
 + Level 8.6 Conjurations
 - Level 1.1 Summonings
 - Level 1.0 Necromancy
 - Level 1.1 Translocations
 - Level 1.0 Fire Magic
 + Level 6.7 Ice Magic
 - Level 1.1 Air Magic
 - Level 1.0 Alchemy
 - Level 2.0 Evocations


You had 15 spell levels left.
You knew the following spells:

 Your Spells              Type           Power      Damage    Failure   Level
a - Magic Dart            Conj           100%       1d8       1%          1
b - Mephitic Cloud        Conj/Alch/Air  35%        N/A       2%          3
c - Call Imp              Summ           46%        N/A       3%          2
d - Blink                 Tloc           46%        N/A       3%          2
e - Hailstorm             Conj/Ice       53%        3d10      1%          3
f - Iskenderun's Battles  Conj           56%        2d11      2%          5
g - Orb of Destruction    Conj           28%        9d9       63%         7
h - Foxfire               Conj/Fire      100%       2x1d9     1%          1

Your spell library contained the following spells:

 Spells                   Type           Power      Damage    Failure   Level
 Dazzling Flash           Conj/Hex       76%        N/A       1%          3
 Freeze                   Ice            100%       1d10      1%          1
 Ensorcelled Hibernation  Hex/Ice        66%        N/A       1%          2
 Momentum Strike          Conj/Tloc      82%        3d10      1%          2
 Frozen Ramparts          Ice            100%       1d16      1%          3
 Slow                     Hex            68%        N/A       3%          1
 Cigotuvi's Dreadful Rot  Necr/Alch/Air  44%        N/A       3%          2
 Lesser Beckoning         Tloc           46%        N/A       3%          2
 Flame Wave               Conj/Fire      40%        2d11      4%          4
 Fugue of the Fallen      Necr           22%        N/A       6%          3
 Inner Flame              Hex/Fire       20%        N/A       8%          3
 Summon Blazeheart Golem  Fire/Summ      22%        N/A       21%         4
 Sticky Flame             Fire/Alch      22%        2d6       22%         4
 Anguish                  Hex/Necr       10%        N/A       26%         4
 Bombard                  Conj/Erth      19%        9d4       63%         6
 Spellforged Servitor     Conj/Summ      20%        N/A       98%         7


Dungeon Overview and Level Annotations

Branches:
Dungeon (10/15)            Temple (1/1) D:5          Bailey (visited)
   Lair: D:8-11         Orc: D:9-12

Altars:
Ashenzari
Cheibriados
Dithmenos
Elyvilon
Fedhas
Gozag
Hepliaklqana
Kikubaaqudgha
Makhleb
Nemelex Xobeh
Okawaru
Qazlal
Ru
Sif Muna
Trog
Uskayaw
Vehumet
Wu Jian
Xom
Yredelemnul
Zin
The Shining One

Shops:
D:6 *   D:9 ?[

Annotations:
D:10 Erica, Josephine, Maurice


Message History

The puff of flame misses you. Something hits you but does no damage.
An orc comes into view. It is wielding a +0 short sword.
The howler monkey hits you but does no damage.
You feel yourself speed up. Something hits you.
* * * LOW HITPOINT WARNING * * *
The orc wizard points at you and mumbles some strange words.
You are confused.
The howler monkey hoots and howls with incredible vigour!
You hear a shout!
You hear a bellow!
You hear a shout!
You hear a bellow!
You hear a shout!
You are too confused!
Unknown command.
Unknown command.
Something hits the howler monkey.
The howler monkey is killed!
Vehumet accepts your kill.
You feel your power returning. Something hits you but does no damage.
An orc comes into view. It is wielding a +0 morningstar.
An orc priest comes into view. It is wielding a +0 flail.
Erica hits the orc with a +4 scimitar of flaming!
Erica burns the orc.
The orc is killed!
Vehumet accepts your kill.
You're too confused to move!
Something hits the orc!
The orc is killed!
Vehumet accepts your kill.
Vehumet offers you knowledge of Dazzling Flash.
You feel your power returning. Something hits you.
* * * LOW HITPOINT WARNING * * *
Something hits the orc wizard.
You feel less confused.
Something completely misses the orc wizard.
As you read the scroll of teleportation, it crumbles to dust.
You feel strangely unstable. Something hits you.
* * * LOW HITPOINT WARNING * * *
The orc priest invokes the aid of Beogh against you.
Beogh smites you!
You die...

# ..##
#####...#
#.......#
##.@.....#
##..o.>...#
#..).......#
#..........#.
#............
#............
##†....o.....
#.......)x..
#....†......


You could see Erica, an orc priest and an orc wizard.

Vanquished Creatures
  2 two-headed ogres
  Pikel (D:7)
  Jeremiah (D:7)
  Maggie (D:9)
  A kobold demonologist (D:10)
  2 hornets (D:9)
  Prince Ribbit (D:5)
  Sigmund (D:5)
  A wyvern (D:9)
  6 spriggans (Bailey)
  A wraith (D:9)
  3 steam dragons
  Menkaure (D:5)
  2 acid dragons (D:9)
  Pargi (D:3)
  2 sky beasts (D:5)
  2 black bears
  An ice beast (D:6)
  7 ogres
  A centaur (D:7)
  4 lemures (D:7)
  A phantom (D:6)
  Blork the orc (D:5)
  6 bullfrogs
  A gnoll sergeant (D:9)
  3 scorpions
  3 wights (D:6)
  5 killer bees (D:8)
  A jelly (D:6)
  4 howler monkeys
  A bombardier beetle (D:7)
  A gnoll bouda (D:6)
  Crazy Yiuf (D:7)
  4 orc priests
  A sleepcap (D:7)
  6 iguanas
  Ijyb (D:3)
  7 orc wizards
  8 gnolls
  6 adders
  2 shadow imps
  3 white imps
  2 dart slugs
  2 ribbon worms
  38 orcs
  5 ball pythons
  5 bats
  7 endoplasms
  3 giant cockroaches
  5 hobgoblins
  5 jackals
  7 kobolds
  3 quokkas
  4 frilled lizards
  16 goblins
  6 rats
216 creatures vanquished.

Vanquished Creatures (collateral kills)
  A ribbon worm (D:3)
  A jackal (D:2)
  A quokka (D:2)
3 creatures vanquished.

Vanquished Creatures (others)
  A killer bee (D:8)
  250 foxfires
251 creatures vanquished.

Grand Total: 470 creatures vanquished

Notes
Turn   | Place    | Note
-------+----------+-------------------------------------------
     0 | D:1      | pokeman the Deep Elf Hedge Wizard began the quest for the
                  | Orb.
     0 | D:1      | Reached XP level 1. HP: 10/10 MP: 7/7
   236 | D:1      | Reached XP level 2. HP: 12/16 MP: 4/9
   779 | D:1      | Reached skill level 5 in Spellcasting
  1138 | D:1      | Found a faded altar of an unknown god.
  1283 | D:2      | Reached XP level 3. HP: 20/20 MP: 8/11
  1287 | D:2      | Learned a level 3 spell: Mephitic Cloud
  1290 | D:2      | Learned a level 2 spell: Call Imp
  1293 | D:2      | Learned a level 2 spell: Blink
  1919 | D:2      | Reached skill level 1 in Fighting
  2039 | D:2      | Reached skill level 1 in Armour
  2650 | D:2      | Reached XP level 4. HP: 25/25 MP: 11/13
  3139 | D:3      | Noticed Ijyb
  3150 | D:3      | Killed Ijyb
  3309 | D:3      | Reached skill level 6 in Spellcasting
  3309 | D:3      | Noticed Pargi
  3317 | D:3      | Killed Pargi
  3318 | D:3      | Reached XP level 5. HP: 29/29 MP: 12/16
  3593 | D:4      | Learned a level 5 spell: Iskenderun's Battlesphere
  3676 | D:4      | Reached XP level 6. HP: 30/34 MP: 10/17
  3711 | D:4      | Reached skill level 7 in Spellcasting
  4281 | D:5      | Entered Level 5 of the Dungeon
  4372 | D:5      | Noticed a sky beast
  4381 | D:5      | Noticed Sigmund
  4396 | D:5      | Killed Sigmund
  4397 | D:5      | Reached skill level 1 in Air Magic
  4397 | D:5      | Reached skill level 1 in Alchemy
  4397 | D:5      | Reached skill level 1 in Evocations
  4397 | D:5      | Reached XP level 7. HP: 21/38 MP: 12/20
  4404 | D:5      | Reached skill level 8 in Spellcasting
  4571 | D:5      | Learned a level 7 spell: Orb of Destruction
  4665 | D:5      | Noticed Blork the orc
  4680 | D:5      | Killed Blork the orc
  4800 | D:5      | Noticed Prince Ribbit
  4807 | D:5      | Killed Prince Ribbit
  4808 | D:5      | Reached skill level 9 in Spellcasting
  4808 | D:5      | Reached XP level 8. HP: 31/44 MP: 20/23
  4863 | D:5      | Identified the +6 whip of Cygem {speed, rElec rPois Str+3}
  4947 | D:5      | Noticed Menkaure
  4955 | D:5      | Killed Menkaure
  4956 | D:5      | Reached skill level 5 in Conjurations
  5110 | D:5      | Learned a level 3 spell: Hailstorm
  5159 | D:5      | Found a staircase to the Ecumenical Temple.
  5168 | Temple   | Entered the Ecumenical Temple
  5175 | Temple   | Became a worshipper of Vehumet
  5973 | D:5      | Reached skill level 10 in Spellcasting
  5973 | D:5      | Reached skill level 1 in Ice Magic
  6134 | D:6      | Found Hegejuqogh's Humungous Hoard.
  6228 | D:6      | Bought a potion of heal wounds for 65 gold pieces
  6383 | D:6      | Reached XP level 9. HP: 37/48 MP: 0/25
  6600 | D:6      | Reached skill level 11 in Spellcasting
  6684 | D:6      | Reached * piety under Vehumet
  6684 | D:6      | Offered knowledge of Foxfire by Vehumet.
  6687 | D:6      | Learned a level 1 spell: Foxfire
  6755 | D:6      | Reached skill level 1 in Necromancy
  7104 | D:6      | Found a hide-covered altar of Uskayaw.
  7306 | D:6      | Reached skill level 1 in Fire Magic
  7533 | D:7      | Found a sparkling altar of Nemelex Xobeh.
  7633 | D:7      | Found a runed translucent door.
  7634 | D:7      | Noticed Crazy Yiuf
  7648 | D:7      | Killed Crazy Yiuf
  7733 | D:7      | Noticed Jeremiah
  7851 | D:7      | Killed Jeremiah
  8110 | D:7      | Noticed Pikel
  8142 | D:7      | Killed Pikel
  8143 | D:7      | Reached skill level 12 in Spellcasting
  8571 | D:8      | Found a flagged portal.
  8579 | D:8      | Reached XP level 10. HP: 56/56 MP: 24/28
  8588 | Bailey   | Entered a bailey
  8662 | Bailey   | Reached skill level 13 in Spellcasting
  8662 | Bailey   | Reached skill level 5 in Ice Magic
  8794 | Bailey   | Noticed a two-headed ogre
  8821 | Bailey   | Killed a two-headed ogre
  8821 | Bailey   | Reached ** piety under Vehumet
  8821 | Bailey   | Offered knowledge of Mercury Vapours by Vehumet.
  8870 | Bailey   | Identified the +10 broad axe of Ignis's Displeasure
                  | {freeze, rCorr Str+4}
  9165 | D:8      | Noticed a two-headed ogre
  9181 | D:8      | Killed a two-headed ogre
  9182 | D:8      | Reached skill level 14 in Spellcasting
  9645 | D:8      | Found an ancient bone altar of Kikubaaqudgha.
  9688 | D:8      | Identified the +1 hand axe of Bofev {freeze, Str+3 Dex+4}
 10230 | D:9      | Found Zughipai's Armour Emporium.
 10253 | D:9      | Identified the +6 scale mail of the Fiddle {Str+5 Int-5
                  | Stlth+}
 10449 | D:9      | Reached XP level 11. HP: 62/62 MP: 21/31
 10707 | D:9      | Noticed Maggie
 10720 | D:9      | Killed Maggie
 10905 | D:9      | Found Zeokuxoath's Magic Scroll Shop.
 10908 | D:9      | Bought a scroll of teleportation for 39 gold pieces
 10908 | D:9      | Bought a scroll of identify for 26 gold pieces
 10908 | D:9      | Bought a scroll of noise for 13 gold pieces
 10908 | D:9      | Bought a scroll of identify for 26 gold pieces
 10908 | D:9      | Bought a scroll of blinking for 97 gold pieces
 11012 | D:9      | Identified a scroll of acquirement
 11232 | D:10     | Entered Level 10 of the Dungeon
 11232 | D:10     | Noticed Maurice
 11232 | D:10     | Noticed Josephine
 11238 | D:10     | Paralysed by Maurice for 5 turns
 11242 | D:10     | Maurice stole 6 curare-tipped darts
 11246 | D:10     | Noticed Erica
 11266 | D:10     | Offered knowledge of Dazzling Flash by Vehumet.
 11268 | D:10     | Killed from afar by an orc priest

Illustrated notes

Levels and vault maps discovered:
D:1:      heliophobic_arrival_glass_houses, layout_basic,
          shapermc_ecumenical_altar_acropolis
D:2:      layout_basic
D:3:      layout_loops_ring, nicolae_figureground_pulse, uniq_pargi, uniq_ijyb
D:4:      layout_cave_pools
D:5:      layout_layer_cave, minmay_temple_entry_junction, uniq_sigmund,
          uniq_menkaure, uniq_blork_the_orc, uniq_prince_ribbit1
D:6:      layout_rooms, general_overflow_altar, glass_columns_a, minivault_1,
          nicolae_alphabet_shops
D:7:      layout_rooms, mainiacjoe_overflow_concentric_impassable,
          nicolae_eternal_life, uniq_jeremiah, uniq_pikel,
          uniq_crazy_yiuf_cottage
D:8:      layout_loops_ring, lemuel_tele_altar, enter_bailey_4
D:9:      layout_stronghold, serial_shops, shop, kennysheep_mini,
          hangedman_decor_opposing, nicolae_fountain_basement, uniq_maggie
D:10:     layout_cave_pods, david_orc_3, serial_park, serial_park_gazebo
          [serial_park_minivault_5x5_2], serial_park_tiny_2, serial_park_square3
          [serial_park_minivault_5x5_1], grunt_ministairs_14,
          minmay_fire_ice_demons, uniq_erica, uniq_maurice, uniq_josephine
Temple:   hellmonk_temple_of_storms

Skill      XL: |  1  2  3  4  5  6  7  8  9 10 |
---------------+-------------------------------+-----
Spellcasting   | 5 6 7 9 10 12 14 | 14.8
Fighting       | 1 2 3 4 |  4.7
Armour         | 1 2 3 |  3.3
Conjurations   | 2 3 4 5 7 8 |  8.6
Dodging        | 3 4 |  4.0
Stealth        | 3 4 |  4.0
Air Magic      | 1 |  1.1
Alchemy        | 1 |  1.0
Evocations     | 1 2 |  2.0
Ice Magic      | 2 4 6 |  6.7
Necromancy     | 1 |  1.0
Fire Magic     | 1 |  1.0
Summonings     | |  1.1
Translocations | |  1.1

Action                     |  1- 3 |  4- 6 |  7- 9 | 10-12 || total
---------------------------+-------+-------+-------+-------++-------
  Melee: Dagger            |    36 |    11 |       |       ||    47
         Whip              |       |       |    49 |    20 ||    69
   Fire: Arbalest          |       |    95 |    35 |       ||   130
   Cast: Magic Dart        |   137 |    28 |   140 |    53 ||   358
         Call Imp          |     6 |     1 |     1 |       ||     8
         Mephitic Cloud    |     4 |    16 |    15 |    22 ||    57
         Iskenderun's Batt |       |       |    21 |     9 ||    30
         Foxfire           |       |       |    42 |    93 ||   135
         Hailstorm         |       |       |       |     2 ||     2
         Blink             |       |       |       |     1 ||     1
  Evoke: Wand              |       |       |       |     1 ||     1
    Use: Scroll            |       |       |       |    10 ||    10
         Potion            |       |       |       |     1 ||     1
   Stab: Confused          |     2 |       |     5 |       ||     7
         Sleeping          |       |     2 |       |       ||     2
 Armour: Robe              |    37 |    33 |    49 |     7 ||   126
         Skin              |       |       |     1 |       ||     1
         Steam dragon scal |       |       |       |    54 ||    54
  Dodge: Dodged            |    57 |    37 |    44 |    34 ||   172
  Block: Other             |    14 |     8 |    16 |    15 ||    53
         Reflection        |     1 |       |     1 |     1 ||     3

Table legend: (Time is in decaauts)
 A = Elapsed time spent in this place.
 B = Non-inter-level travel time spent in this place.
 C = Inter-level travel time spent in this place.
 D = Time resting spent in this place.
 E = Time spent auto-exploring this place.
 F = Levels seen in this place.
 G = Mean time per level.
                   A        B        C        D        E       F      G
               +--------+--------+--------+--------+--------+-----+--------+
         Total |  11399 |  10952 |    447 |    411 |   8553 |  12 |  949.9 |
       Dungeon |  10839 |  10404 |    435 |    411 |   8190 |  10 | 1083.9 |
        Temple |     44 |     33 |     11 |      0 |      0 |   1 |   44.0 |
        Bailey |    515 |    515 |      0 |      0 |    362 |   1 |  515.0 |
               +--------+--------+--------+--------+--------+-----+--------+

Top non-repeatable levels by time:
     D:5: 1872 daAuts
     D:1: 1380 daAuts
     D:2: 1341 daAuts
     D:6: 1329 daAuts
     D:9: 1172 daAuts
     D:7: 1036 daAuts
     D:8: 1034 daAuts
     D:3: 888 daAuts
     D:4: 739 daAuts
  Bailey: 515 daAuts
  Temple: 44 daAuts
    D:10: 44 daAuts
